AoeStats
← AKI :D

African Clearing

510829873Analyzed
2v2 RM · 1d ago on Oct 2, 2026· 19m 5s· 4 players
Game mode
Random Map
Map size
Medium (4 player)
Population
200
Speed
Normal
Resources
Standard
Victory
Conquest
Starting age
Dark Age
Ending age
Imperial Age
RankedLock teamsTeams togetherTeam positionsShared explorationLock speedFull tech treeHidden civsTurbo modeCheats
Victory
Defeat
🇪🇸 Danes · Spain
1239
+12
🇪🇸 Huns · Spain
1201
+13
🇫🇮 Magyars · Finland
1169
-14
🇨🇴 Bohemians · Colombia
1115
-11
AKI :D
9:41 Loom
12:08 Feudal Age
12:46 Double-Bit Axe
Maxirod
4:42 Loom
14:40 Feudal Age
16:01 Town Watch
DK_rudyairlines
10:52 Loom
13:51 Feudal Age
17:53 Man-at-Arms
VimaraPeres
8:49 Loom
12:09 Feudal Age
13:05 Double-Bit Axe
21:24 Castle Age
Connection lost

Rejoining the realm…

Still unreachable

The connection could not be restored.

Session expired

The server has moved on; the page needs a fresh start.